 Dungeon Crawl Stone Soup version 0.29.0-15-g675c0067aa (webtiles) character file.

Game seed: 13698427143130578192

6774 qw the Severer (level 10, -1/91 HPs)
             Began as a Minotaur Berserker on Sept 12, 2022.
             Was a Priest of Trog.
             Succumbed to a kobold brigand's poison
             ... on level 9 of the Dungeon.
             The game lasted 00:03:35 (11018 turns).

qw the Severer (Minotaur Berserker)                Turns: 11018, Time: 00:03:35

Health: -1/91      AC: 23    Str: 26    XL:     10   Next: 76%
Magic:  2/9        EV:  8    Int: -1 (4) God:    Trog [***...]
Gold:   425        SH:  0    Dex: 10    Spells: 9/9 levels left

rFire   . . .      SeeInvis .   Y - +2 war axe (flame)
rCold   + . .      Faith    .   (no shield)
rNeg    . . .      Spirit   +   b - +0 plate armour
rPois   .          Reflect  .   (helmet restricted)
rElec   .          Harm     .   e - +2 cloak
rCorr   .          Rampage  +   k - +2 pair of gloves
Will    .....                   a - +2 pair of boots {rampage}
Stlth   ..........              o - amulet of guardian spirit
HPRegen 0.25/turn               d - ring of protection from cold
MPRegen 0.11/turn               (no ring)

@: lethally poisoned (-1 -> -11), on berserk cooldown, slowed, lost
intelligence, unable to read, very slow
A: horns 2, retaliatory headbutt
a: Renounce Religion, Berserk, Trog's Hand


You were on level 9 of the Dungeon.
You worshipped Trog.
Trog was most pleased with you.
You visited 1 branch of the dungeon, and saw 9 of its levels.
You also visited: Sewer.

You collected 425 gold pieces.


Innate Abilities, Weirdness & Mutations

You have a pair of horns on your head.
You reflexively headbutt those who attack you in melee.


   Skills:
 - Level 9.0 Fighting
 + Level 15.9 Axes
 - Level 1.6 Throwing
 - Level 8.1 Armour
 - Level 3.1 Dodging


You had 9 spell levels left.
You didn't know any spells.
Your spell library was empty.

Inventory:

Hand Weapons
 Y - a +2 war axe of flaming (weapon)
Missiles
 g - a boomerang (quivered)
Armour
 a - a +2 pair of boots of rampaging (worn)
 b - a +0 plate armour (worn)
 e - a +2 cloak (worn)
 k - a +2 pair of gloves (worn)
Jewellery
 d - a ring of protection from cold (left hand)
 o - an amulet of guardian spirit (around neck)
Scrolls
 c - a scroll of teleportation
 m - 3 scrolls of identify
Potions
 f - a potion of heal wounds
 h - 3 potions of might
 i - a potion of magic {unknown}
 j - a potion of cancellation

Dungeon Overview and Level Annotations

Branches:
Dungeon (9/15)             Temple (0/1) D:7           Sewer (visited)
   Lair: D:8-11         Orc: D:9-12

Altars:
Cheibriados
Fedhas
Gozag
Hepliaklqana
Okawaru
Qazlal
Trog
Uskayaw
Vehumet
Xom
Yredelemnul
The Shining One
Jiyva

Shops:
D:6 (

Annotations:
D:8 3 runed translucent doors, qw's ghost, novice GrDe; qw's ghost, novice MiBe; qw's ghost, weakling GrDe
D:9 2 transporters


Message History

The kobold brigand throws a poisoned dart.
The poisoned dart hits you!
You are poisoned.
You start resting.
You feel sick.
The kobold brigand throws a poisoned dart.
The poisoned dart hits you!
You are more poisoned.
You start resting.
You feel a strong urge to attack something.
You feel very sick.
The kobold brigand throws a poisoned dart.
The poisoned dart hits you!
You are more poisoned.
You start resting.
You feel very sick.
The kobold brigand throws a poisoned dart.
The poisoned dart barely misses you.
You start resting.
You feel your anger nearly subside.
You feel very sick.
The kobold brigand throws a poisoned dart.
The poisoned dart hits you!
You are more poisoned.
You start resting.
You are no longer berserk.
You are exhausted.
You feel yourself slow down.
You feel very sick.
The kobold brigand throws a poisoned dart.
The poisoned dart hits you!
You are lethally poisoned!
11015 ||| FLEEEEING.
You feel extremely sick.
11016 ||| FLEEEEING.
You feel extremely sick.
11017 ||| FLEEEEING.
You feel very sick.
11018 ||| FLEEEEING.
You die...

.!......'....#...##~##.¤.........
#.....#'#....#..~#Y))#~..........
#.....#......##.~¤K8!~¤..........
#.....#.........~#YY=#~..........
'.....#..........##~##...........
#.....#...........~~¤...#########
#.....#..........................
......########.#.................
.............###@................
................)......####'####.
...........<)..........#.......#.
#.......####'##..#####.#.......#.
##......#.....#+##...#.#.......#.
.#......#............#.#.......#.
##...####............#.#########.
#...+...............#...........
##...#...............#.....###...


You could see a yak (summoned).

Vanquished Creatures
  2 two-headed ogres
  Pikel (D:5)
  2 trolls
  A hornet (D:7)
  Sigmund (D:6)
  Menkaure (D:6)
  A steam dragon (D:9)
  An acid dragon (D:9)
  2 water moccasins
  Pargi (Sewer)
  3 orc warriors
  An ice beast (D:8)
  A sky beast (D:7)
  An ogre (D:6)
  2 centaurs (D:9)
  3 lemures (D:5)
  A phantom (D:4)
  Blork the orc (D:6)
  2 kobold brigands (D:7)
  5 necrophages
  2 gnoll sergeants
  A bullfrog (D:5)
  3 scorpions
  5 wights
  11 killer bees
  3 howler monkeys (D:8)
  A lava snake (D:9)
  3 centaur zombies (D:6)
  4 hounds
  A human zombie (D:6)
  2 jellies
  4 orc priests
  Jessica (D:2)
  5 iguanas
  8 orc wizards
  A statue (D:8)
  A mummy (D:6)
  A howler monkey zombie (D:6)
  13 gnolls
  8 adders
  A shadow imp (D:7)
  3 white imps
  4 worms
  5 dart slugs
  36 orcs
  6 endoplasms
  4 giant cockroaches
  7 goblins
  6 hobgoblins
  6 jackals
  12 kobolds
  A quokka (D:1)
  12 ball pythons
  14 bats
  4 frilled lizards
  5 rats
237 creatures vanquished.

Vanquished Creatures (others)
  3 fungi (D:4)
  A plant (D:4)
4 creatures vanquished.

Grand Total: 241 creatures vanquished

Notes
Turn   | Place    | Note
-------+----------+-------------------------------------------
     0 | D:1      | qw the Minotaur Berserker began the quest for the Orb.
     0 | D:1      | Reached XP level 1. HP: 19/19 MP: 0/0
     0 | D:1      | 0 ||| qw: Version: 0.1-a-119-g272c26d
     0 | D:1      | 0 ||| qw: Game counter: 10951
     0 | D:1      | 0 ||| qw: Always use a shield: true
     0 | D:1      | 0 ||| qw: Do Orc after D:15 true
     0 | D:1      | 0 ||| qw: Do second Lair branch before Depths: true
     0 | D:1      | 0 ||| qw: Lair rune preference: random
     0 | D:1      | 0 ||| qw: Plans: Normal
     0 | D:1      | 0 ||| PLANNING D:1-11
    99 | D:1      | Reached skill level 4 in Axes
   108 | D:1      | 108 ||| Stepping ~*~*~tactically~*~*~ (stealth).
   116 | D:1      | 116 ||| Stepping ~*~*~tactically~*~*~ (stealth).
   120 | D:1      | 120 ||| Stepping ~*~*~tactically~*~*~ (stealth).
   129 | D:1      | Reached XP level 2. HP: 23/26 MP: 1/1
   673 | D:1      | 673 ||| DROPPING +0 club.
   800 | D:1      | 800 ||| UPGRADING to +0 ring mail.
   810 | D:1      | 810 ||| DROPPING +0 animal skin.
   811 | D:1      | 811 ||| READING scroll labelled VOBLAL GONOLA.
   812 | D:1      | 812 ||| READING scroll labelled ZELYLE NIOSUCH.
   813 | D:1      | 813 ||| READING scroll labelled GULYQO DERPHECZYX.
   813 | D:1      | Identified a scroll of acquirement
   813 | D:1      | 813 ||| ACQUIRING +2 pair of boots of rampaging
   813 | D:1      | Acquired a +2 pair of boots of rampaging
   815 | D:1      | 815 ||| UPGRADING to +2 pair of boots of rampaging.
   875 | D:2      | 875 ||| INVOKING Berserk.
   877 | D:2      | Reached skill level 5 in Axes
  1028 | D:2      | Reached XP level 3. HP: 31/31 MP: 2/2
  1046 | D:2      | 1046 ||| Stepping ~*~*~tactically~*~*~ (stealth).
  1047 | D:2      | 1047 ||| Stepping ~*~*~tactically~*~*~ (stealth).
  1056 | D:2      | Reached ** piety under Trog
  1060 | D:2      | 1060 ||| FLEEEEING.
  1061 | D:2      | 1061 ||| FLEEEEING.
  1062 | D:2      | 1062 ||| Stepping ~*~*~tactically~*~*~ (hiding).
  1215 | D:2      | 1215 ||| INVOKING Berserk.
  1373 | D:2      | 1373 ||| Stepping ~*~*~tactically~*~*~ (hiding).
  1554 | D:2      | Noticed Jessica
  1556 | D:2      | Killed Jessica
  1557 | D:2      | Reached skill level 6 in Axes
  1557 | D:2      | Reached XP level 4. HP: 39/39 MP: 3/3
  1948 | D:2      | Found a faded altar of an unknown god.
  2168 | D:2      | 2168 ||| UPGRADING to +0 scale mail.
  2178 | D:2      | 2178 ||| UPGRADING to +0 cloak.
  2183 | D:2      | 2183 ||| DROPPING +0 ring mail.
  2184 | D:2      | 2184 ||| READING scroll labelled ZOCZYFFULAM.
  2185 | D:2      | 2185 ||| READING scroll labelled UNUMUZ CETT.
  2186 | D:2      | 2186 ||| READING scroll labelled ZOINKU XO BUFF.
  2187 | D:2      | 2187 ||| READING scroll labelled PINUIMNERIA.
  2188 | D:2      | 2188 ||| DRINKING 2 white potions.
  2189 | D:2      | 2189 ||| DRINKING 2 red potions.
  2190 | D:2      | 2190 ||| DROPPING potion of degeneration.
  2202 | D:3      | 2202 ||| PLANNING SEWER
  2231 | D:3      | Found a glowing drain.
  2242 | D:3      | 2242 ||| FLEEEEING.
  2243 | D:3      | 2243 ||| FLEEEEING.
  2244 | D:3      | 2244 ||| FLEEEEING.
  2245 | D:3      | 2245 ||| FLEEEEING.
  2246 | D:3      | 2246 ||| FLEEEEING.
  2258 | D:3      | 2258 ||| FLEEEEING.
  2259 | D:3      | 2259 ||| FLEEEEING.
  2260 | D:3      | 2260 ||| FLEEEEING.
  2261 | D:3      | 2261 ||| FLEEEEING.
  2262 | D:3      | 2262 ||| FLEEEEING.
  2263 | D:3      | 2263 ||| FLEEEEING.
  2267 | D:3      | 2267 ||| STAIRDANCE
  2279 | D:3      | 2279 ||| FLEEEEING.
  2283 | D:3      | 2283 ||| STAIRDANCE
  2288 | D:3      | 2288 ||| FLEEEEING.
  2289 | D:3      | 2289 ||| STAIRDANCE
  2373 | Sewer    | Entered a sewer
  2450 | Sewer    | 2450 ||| READING 3 scrolls of enchant armour.
  2450 | Sewer    | 2450 ||| ENCHANTING +0 cloak.
  2451 | Sewer    | 2451 ||| READING 2 scrolls of enchant armour.
  2451 | Sewer    | 2451 ||| ENCHANTING +1 cloak.
  2464 | Sewer    | 2464 ||| Stepping ~*~*~tactically~*~*~ (water).
  2467 | Sewer    | Reached skill level 7 in Axes
  2467 | Sewer    | Reached XP level 5. HP: 42/45 MP: 4/4
  2482 | Sewer    | Noticed Pargi
  2495 | Sewer    | Killed Pargi
  2622 | Sewer    | 2622 ||| READING 2 scrolls labelled SASSI GIZXOI.
  2623 | Sewer    | 2623 ||| READING scroll labelled YLAGOH BUOCI.
  2624 | Sewer    | 2624 ||| DROPPING scroll of blinking.
  2638 | D:3      | 2638 ||| PLANNING D:1-11
  2644 | D:3      | 2644 ||| Stepping ~*~*~tactically~*~*~ (hiding).
  3302 | D:3      | 3302 ||| DROPPING +0 mace.
  3400 | D:3      | 3400 ||| UPGRADING to ring of protection from cold.
  3401 | D:3      | 3401 ||| READING 2 scrolls labelled JIAGIULUONK.
  3402 | D:3      | 3402 ||| READING 2 scrolls labelled LIHADD TATRUFI.
  3403 | D:3      | 3403 ||| READING scroll labelled SENKOGYULA.
  3407 | D:3      | 3407 ||| READING scroll labelled SYGUPL KISESS.
  3408 | D:3      | 3408 ||| DROPPING scroll of poison.
  3430 | D:4      | Noticed a water moccasin
  3435 | D:4      | Reached XP level 6. HP: 56/56 MP: 5/5
  3442 | D:4      | Killed a water moccasin
  3443 | D:4      | Reached skill level 8 in Axes
  3511 | D:4      | Reached *** piety under Trog
  3521 | D:4      | Found an opulent altar of Gozag.
  3530 | D:4      | Found a blossoming altar of Fedhas.
  3535 | D:4      | 3535 ||| Stepping ~*~*~tactically~*~*~ (stealth).
  3542 | D:4      | 3542 ||| INVOKING Berserk.
  3620 | D:4      | Found a stormy altar of Qazlal.
  3628 | D:4      | 3628 ||| Stepping ~*~*~tactically~*~*~ (stealth).
  3680 | D:4      | Reached XP level 7. HP: 61/61 MP: 6/6
  3776 | D:4      | Reached skill level 9 in Axes
  3913 | D:4      | Found a hide-covered altar of Uskayaw.
  4048 | D:4      | 4048 ||| SWAPPING to +0 war axe.
  4049 | D:4      | 4049 ||| DROPPING +1 hand axe.
  4050 | D:4      | 4050 ||| READING scroll labelled XAUHENEUTZ.
  4051 | D:4      | 4051 ||| DROPPING +0 flail.
  4055 | D:5      | Entered Level 5 of the Dungeon
  4209 | D:5      | 4209 ||| Stepping ~*~*~tactically~*~*~ (stealth).
  4212 | D:5      | 4212 ||| Stepping ~*~*~tactically~*~*~ (hiding).
  4278 | D:5      | 4278 ||| Stepping ~*~*~tactically~*~*~ (stealth).
  4283 | D:5      | 4283 ||| Stepping ~*~*~tactically~*~*~ (stealth).
  4285 | D:5      | 4285 ||| Stepping ~*~*~tactically~*~*~ (stealth).
  4286 | D:5      | 4286 ||| Stepping ~*~*~tactically~*~*~ (stealth).
  4306 | D:5      | Reached skill level 10 in Axes
  4369 | D:5      | Reached skill level 1 in Throwing
  4485 | D:5      | Reached skill level 3 in Armour
  4491 | D:5      | 4491 ||| Stepping ~*~*~tactically~*~*~ (stealth).
  4493 | D:5      | 4493 ||| Stepping ~*~*~tactically~*~*~ (stealth).
  4515 | D:5      | 4515 ||| READING scroll of enchant weapon.
  4515 | D:5      | 4515 ||| ENCHANTING +0 war axe of flaming.
  4791 | D:5      | Noticed Pikel
  4791 | D:5      | 4791 ||| Stepping ~*~*~tactically~*~*~ (stealth).
  4821 | D:5      | 4821 ||| FLEEEEING.
  4825 | D:5      | 4825 ||| FLEEEEING.
  4826 | D:5      | 4826 ||| FLEEEEING.
  4827 | D:5      | 4827 ||| FLEEEEING.
  4828 | D:5      | 4828 ||| FLEEEEING.
  4829 | D:5      | 4829 ||| INVOKING Berserk.
  4834 | D:5      | Killed Pikel
  4835 | D:5      | Reached XP level 8. HP: 65/74 MP: 7/7
  5291 | D:5      | Found a hazy altar of Hepliaklqana.
  5294 | D:5      | 5294 ||| DROPPING scarf of shadows.
  5295 | D:5      | 5295 ||| UPGRADING to +0 pair of gloves.
  5300 | D:5      | 5300 ||| READING 2 scrolls of enchant armour.
  5300 | D:5      | 5300 ||| ENCHANTING +0 pair of gloves.
  5301 | D:5      | 5301 ||| READING scroll of enchant armour.
  5301 | D:5      | 5301 ||| ENCHANTING +1 pair of gloves.
  5302 | D:5      | 5302 ||| UPGRADING to amulet of guardian spirit.
  5307 | D:5      | 5307 ||| READING scroll labelled YLAILI NAWKIOJ.
  5308 | D:5      | 5308 ||| READING 2 scrolls of identify.
  5308 | D:5      | 5308 ||| IDENTIFYING sedimented golden potion
  5372 | D:6      | 5372 ||| Stepping randomly (stuck).
  5374 | D:6      | 5374 ||| Stepping randomly (stuck).
  5375 | D:6      | 5375 ||| Stepping ~*~*~tactically~*~*~ (hiding).
  5379 | D:6      | 5379 ||| INVOKING Berserk.
  5593 | D:6      | Reached skill level 11 in Axes
  5616 | D:6      | Found a basalt altar of Yredelemnul.
  5723 | D:6      | Reached skill level 12 in Axes
  5748 | D:6      | Reached XP level 9. HP: 81/81 MP: 8/8
  5824 | D:6      | Noticed Blork the orc
  5826 | D:6      | 5826 ||| INVOKING Berserk.
  5828 | D:6      | Killed Blork the orc
  5945 | D:6      | Noticed Sigmund
  5947 | D:6      | 5947 ||| INVOKING Berserk.
  5952 | D:6      | Killed Sigmund
  6188 | D:6      | Found Jeug's Weapon Shop.
  6251 | D:6      | Noticed Menkaure
  6253 | D:6      | 6253 ||| INVOKING Berserk.
  6256 | D:6      | Killed Menkaure
  6443 | D:6      | Found a snail-covered altar of Cheibriados.
  6452 | D:6      | Found a glowing golden altar of the Shining One.
  6459 | D:6      | 6459 ||| INVOKING Berserk.
  6709 | D:6      | 6709 ||| UPGRADING to +0 scale mail of cold resistance.
  6719 | D:6      | 6719 ||| DROPPING +0 scale mail.
  6757 | D:7      | 6757 ||| Stepping ~*~*~tactically~*~*~ (stealth).
  6762 | D:7      | Paralysed by a hornet for 2 turns
  6766 | D:7      | Reached skill level 13 in Axes
  6772 | D:7      | 6772 ||| INVOKING Berserk.
  6777 | D:7      | Reached skill level 3 in Dodging
  6784 | D:7      | HP: 20/81 [poisoned by a killer bee]
  7080 | D:7      | Found a staircase to the Ecumenical Temple.
  7164 | D:7      | 7164 ||| INVOKING Berserk.
  7324 | D:7      | 7324 ||| Stepping ~*~*~tactically~*~*~ (stealth).
  7436 | D:7      | Noticed a troll
  7440 | D:7      | 7440 ||| INVOKING Berserk.
  7441 | D:7      | Killed a troll
  7442 | D:7      | Reached skill level 14 in Axes
  8064 | D:7      | 8064 ||| UPGRADING to +0 chain mail.
  8074 | D:7      | 8074 ||| Stepping ~*~*~tactically~*~*~ (hiding).
  8084 | D:7      | 8084 ||| DROPPING +0 scale mail of cold resistance.
  8087 | D:7      | 8087 ||| DRINKING 2 metallic blue potions.
  8088 | D:7      | 8088 ||| READING 4 scrolls of identify.
  8088 | D:7      | 8088 ||| IDENTIFYING murky coppery potion
  8089 | D:7      | 8089 ||| READING 3 scrolls of identify.
  8089 | D:7      | 8089 ||| IDENTIFYING brown potion
  8090 | D:7      | 8090 ||| READING 2 scrolls of identify.
  8090 | D:7      | 8090 ||| IDENTIFYING fizzy silvery potion
  8091 | D:7      | 8091 ||| DROPPING potion of flight.
  8092 | D:7      | 8092 ||| DROPPING potion of attraction.
  8093 | D:7      | 8093 ||| DROPPING potion of berserk rage.
  8107 | D:8      | 8107 ||| READING scroll of enchant weapon.
  8107 | D:8      | 8107 ||| ENCHANTING +1 war axe of flaming.
  8147 | D:8      | Found a runed translucent gate.
  8147 | D:8      | Found a runed translucent gate.
  8147 | D:8      | Found a runed translucent gate.
  8149 | D:8      | Noticed qw's ghost (novice GrDe)
  8151 | D:8      | Noticed qw's ghost (weakling GrDe)
  8151 | D:8      | Noticed qw's ghost (novice MiBe)
  8151 | D:8      | Noticed qw's ghost (novice MiBe)
  8165 | D:8      | Reached skill level 6 in Armour
  8169 | D:8      | 8169 ||| FLEEEEING.
  8179 | D:8      | 8179 ||| STAIRDANCE
  8273 | D:7      | 8273 ||| READING scroll labelled MABISA WAKADOBB.
  8434 | D:8      | 8434 ||| DRINKING 2 potions of curing.
  8434 | D:8      | 8434 ||| (to cure confusion)
  8452 | D:8      | Noticed a two-headed ogre
  8458 | D:8      | 8458 ||| INVOKING Berserk.
  8460 | D:8      | Killed a two-headed ogre
  8461 | D:8      | Reached XP level 10. HP: 88/88 MP: 7/9
  8473 | D:8      | 8473 ||| FLEEEEING.
  8474 | D:8      | 8474 ||| FLEEEEING.
  8475 | D:8      | 8475 ||| FLEEEEING.
  8476 | D:8      | 8476 ||| FLEEEEING.
  8477 | D:8      | 8477 ||| STAIRDANCE
  8596 | D:8      | Reached **** piety under Trog
  8608 | D:8      | 8608 ||| FLEEEEING.
  8609 | D:8      | 8609 ||| FLEEEEING.
  8610 | D:8      | 8610 ||| FLEEEEING.
  8611 | D:8      | 8611 ||| STAIRDANCE
  8616 | D:7      | Reached skill level 15 in Axes
  8676 | D:8      | 8676 ||| STAIRDANCE
  8812 | D:8      | 8812 ||| INVOKING Berserk.
  8821 | D:8      | Reached skill level 9 in Fighting
  8971 | D:8      | 8971 ||| Stepping ~*~*~tactically~*~*~ (stealth).
  8974 | D:8      | 8974 ||| Stepping ~*~*~tactically~*~*~ (hiding).
  9182 | D:8      | 9182 ||| Stepping ~*~*~tactically~*~*~ (stealth).
  9185 | D:8      | 9185 ||| INVOKING Berserk.
  9347 | D:8      | Found a radiant altar of Vehumet.
  9350 | D:8      | 9350 ||| INVOKING Brothers in Arms.
  9351 | D:8      | 9351 ||| INVOKING Brothers in Arms.
  9352 | D:8      | 9352 ||| INVOKING Brothers in Arms.
  9356 | D:8      | 9356 ||| INVOKING Berserk.
  9512 | D:8      | 9512 ||| UPGRADING to +0 plate armour.
  9522 | D:8      | 9522 ||| DROPPING +0 chain mail.
  9523 | D:8      | 9523 ||| DRINKING 2 lumpy yellow potions.
  9524 | D:8      | 9524 ||| DROPPING potion of invisibility.
  9556 | D:9      | 9556 ||| INVOKING Berserk.
  9569 | D:9      | 9569 ||| STAIRDANCE
  9699 | D:9      | Found a transporter.
  9699 | D:9      | Found a viscous altar of Jiyva.
  9818 | D:9      | Noticed an orange crystal statue
  9818 | D:9      | 9818 ||| INVOKING Brothers in Arms.
  9827 | D:9      | Noticed a two-headed ogre
  9836 | D:9      | Found a shimmering altar of Xom.
  9985 | D:9      | 9985 ||| DRINKING 2 potions of curing.
  9985 | D:9      | 9985 ||| (to cure confusion)
 10003 | D:9      | 10003 ||| Stepping ~*~*~tactically~*~*~ (stealth).
 10021 | D:9      | 10021 ||| FLEEEEING.
 10023 | D:9      | 10023 ||| FLEEEEING.
 10024 | D:9      | 10024 ||| FLEEEEING.
 10026 | D:9      | 10026 ||| DRINKING potion of curing.
 10026 | D:9      | 10026 ||| (to cure confusion)
 10029 | D:9      | 10029 ||| FLEEEEING.
 10030 | D:9      | 10030 ||| FLEEEEING.
 10037 | D:9      | 10037 ||| FLEEEEING.
 10038 | D:9      | 10038 ||| FLEEEEING.
 10039 | D:9      | 10039 ||| FLEEEEING.
 10040 | D:9      | 10040 ||| FLEEEEING.
 10041 | D:9      | 10041 ||| FLEEEEING.
 10042 | D:9      | 10042 ||| FLEEEEING.
 10043 | D:9      | 10043 ||| FLEEEEING.
 10047 | D:9      | 10047 ||| STAIRDANCE
 10322 | D:9      | Found an iron altar of Okawaru.
 10361 | D:9      | Found a transporter.
 10371 | D:9      | Found a bloodstained altar of Trog.
 10399 | D:9      | Noticed a two-headed ogre
 10403 | D:9      | 10403 ||| INVOKING Berserk.
 10405 | D:9      | Killed a two-headed ogre
 10506 | D:9      | 10506 ||| Stepping ~*~*~tactically~*~*~ (stealth).
 10508 | D:9      | 10508 ||| Stepping ~*~*~tactically~*~*~ (hiding).
 10512 | D:9      | 10512 ||| INVOKING Berserk.
 10947 | D:9      | Lost intelligence.
 10996 | D:9      | 10996 ||| Stepping ~*~*~tactically~*~*~ (stealth).
 11006 | D:9      | 11006 ||| INVOKING Berserk.
 11014 | D:9      | HP: 22/91 [poisoned by a kobold brigand]
 11015 | D:9      | 11015 ||| FLEEEEING.
 11016 | D:9      | 11016 ||| FLEEEEING.
 11016 | D:9      | HP: 6/91 [poisoned by a kobold brigand]
 11017 | D:9      | 11017 ||| FLEEEEING.
 11018 | D:9      | 11018 ||| FLEEEEING.
 11018 | D:9      | Succumbed to a kobold brigand's poison

Levels and vault maps discovered:
D:1:      lordsloth_arrival_two_stooges, layout_loops_ring
D:2:      layout_loops_ring, dreamdust_ecumenical_altar_angels_and_demons,
          hangedman_abyss_or_decor_lesser_grid, nicolae_kite_square_tiling_tiny,
          serial_bayou_pond_d, uniq_jessica
D:3:      layout_basic, cheibrodos_sewer_entry_drain
D:4:      layout_rooms, mainiacjoe_overflow_paths,
          mainiacjoe_overflow_concentric_impassable,
          grunt_temple_overflow_forces_of_nature
D:5:      layout_basic, nicolae_hepliaklqana_hippocampus, uniq_pikel
D:6:      layout_basic, mainiacjoe_overflow_swirl,
          lemuel_mausoleum_altar_yredelemnul, serial_shops, nicolae_shop_trees,
          reono_crystal_passage, uniq_blork_the_orc, uniq_sigmund, uniq_menkaure
D:7:      layout_basic, temple_pool_b, minmay_fountain_box
D:8:      layout_cave_pools, vehumet_statue, gammafunk_ghost_cemetery
D:9:      gammafunk_jiyva_shrine, layout_irregular_city,
          nicolae_overflow_hidden_temple, lightli_temple_of_fire,
          mainiacjoe_overflow_surrounded_room, minivault_15,
          nicolae_elevator_lobby_asterisk

Skill      XL: |  1  2  3  4  5  6  7  8  9 10 |
---------------+-------------------------------+-----
Axes           | 4 5 6 7 8 10 12 14 15 | 15.9
Fighting       | 5 8 9 |  9.0
Throwing       | 1 |  1.6
Armour         | 3 6 8 |  8.1
Dodging        | 3 |  3.1

Action                   |  1- 3 |  4- 6 |  7- 9 | 10-12 || total
-------------------------+-------+-------+-------+-------++-------
Melee: Hand axe          |    60 |   114 |    24 |       ||   198
       Headbutt          |     6 |     9 |    33 |    24 ||    72
       Punch             |       |     1 |     3 |       ||     4
       War axe           |       |       |   184 |   148 ||   332
Throw: Boomerang         |    35 |    48 |    72 |    29 ||   184
Invok: Berserk           |     2 |     1 |    10 |     7 ||    20
       Brothers in Arms  |       |       |       |     2 ||     2
  Use: Scroll            |     3 |    12 |    11 |       ||    26
       Potion            |       |     2 |     2 |     3 ||     7
 Stab: Invisible         |       |       |       |     3 ||     3
Armor: Animal skin       |     6 |       |       |       ||     6
       Ring mail         |    10 |     8 |       |       ||    18
       Scale mail        |       |    45 |    64 |       ||   109
       Chain mail        |       |       |    27 |    37 ||    64
       Plate armour      |       |       |       |    61 ||    61
Dodge: Dodged            |    29 |    59 |    72 |    61 ||   221

Table legend:
 A = Non-vault XP
 B = Vault XP
 C = Vault XP percentage of total XP
 D = Non-vault monster count
 E = Vault monster count
 F = Vault count percentage of total count
                 A         B        C        D         E       F
            +---------+---------+-------+---------+---------+-------
      Total |    7598 |    2080 |  21.5 |     204 |      30 |  12.8
            +---------+---------+-------+---------+---------+-------
        D:1 |      32 |       0 |   0.0 |      22 |       0 |   0.0
        D:2 |      79 |      37 |  31.9 |      24 |       1 |   4.0
        D:3 |      51 |      10 |  16.4 |      18 |       4 |  18.2
        D:4 |     582 |       0 |   0.0 |      21 |       0 |   0.0
        D:5 |     409 |     629 |  60.6 |      14 |       1 |   6.7
        D:6 |     350 |    1205 |  77.5 |      11 |      15 |  57.7
        D:7 |    1399 |       0 |   0.0 |      25 |       0 |   0.0
        D:8 |    2629 |      32 |   1.2 |      46 |       1 |   2.1
        D:9 |    2067 |       0 |   0.0 |      23 |       0 |   0.0
      Sewer |       0 |     167 | 100.0 |       0 |       8 | 100.0
            +---------+---------+-------+---------+---------+-------
